 Dungeon Crawl Stone Soup version 0.22-a0-596-gfbd32a6 (webtiles) character file.

32450 galech the Fighter (level 13, 0/145 (146) HPs)
             Began as an Ogre Berserker on July 5, 2018.
             Was a High Priest of Trog.
             Slain by a blink frog (12 damage)
             ... on level 4 of the Lair of Beasts.
             The game lasted 00:28:15 (16412 turns).

galech the Fighter (Ogre Berserker)                Turns: 16412, Time: 00:28:16

HP:   0/145 (146)   AC:  8    Str: 24    XL:     13   Next: 64%
MP:   0/23          EV: 14    Int: 13    God:    Trog [*****.]
Gold: 720           SH:  0    Dex: 12    Spells: 12/12 levels left

rFire    . . .     SeeInvis .   u - +2 flail (crush)
rCold    + . .     Gourm    .   (no shield)
rNeg     . . .     Faith    .   z - +0 troll leather armour
rPois    .         Spirit   +   b - +3 hat of Pondering {ponderous, MR+ MP+10 Int+5}
rElec    .         Reflect  .   G - scarf {Spirit}
rCorr    +         Harm     .   (gloves unavailable)
MR       ++++.                  (boots unavailable)
Stlth    ++........             J - amulet of the acrobat
HPRegen  1.74/turn              I - ring of protection from cold
MPRegen  0.18/turn              T - ring of resist corrosion

@: lethally poisoned (0 -> 0), berserk cooldown, regenerating, slowed, very slow
A: large, unfitting armour, tough skin 1
a: Berserk, Trog's Hand, Brothers in Arms, Renounce Religion


You were on level 4 of the Lair of Beasts.
You worshipped Trog.
Trog was extremely pleased with you.
You were hungry.

You visited 2 branches of the dungeon, and saw 16 of its levels.

You collected 720 gold pieces.

Inventory:

Hand Weapons
 u - a +2 flail of crushing (weapon)
 K - a +2 whip of freezing
 N - a +1 flail of protection
Armour
 b - the +3 hat of Pondering (worn) {ponderous, MR+ MP+10 Int+5}
   (You took it off Gastronok on level 10 of the Dungeon)

   It affects your intelligence (+5).
   It affects your resistance to hostile enchantments.
   It affects your magic capacity (+10).
 y - a +0 shield
 z - a +0 troll leather armour (worn)
 G - a scarf of spirit shield (worn)
 O - a scarf of resistance
Jewellery
 r - a +3 ring of dexterity
 I - a ring of protection from cold (left hand)
 J - an amulet of the acrobat (around neck)
 S - an uncursed ring of protection from magic
 T - a ring of resist corrosion (right hand)
 Y - an uncursed ring of protection from cold
Wands
 m - a wand of acid (8)
 s - a wand of flame (7)
 C - a wand of iceblast (13)
 H - a wand of paralysis (21)
 L - a wand of enslavement (26)
 M - a wand of polymorph (4)
Scrolls
 a - 2 scrolls of fog
 l - 5 scrolls of remove curse
 o - a scroll of acquirement {unknown}
 t - 2 scrolls of enchant weapon {unknown}
 w - a scroll of blinking
 A - 4 scrolls of enchant armour
 B - a scroll of torment
 D - 3 scrolls of magic mapping
 E - 6 scrolls of teleportation
 P - a scroll of noise
 Q - a scroll of immolation
 R - a scroll of amnesia
 U - a scroll of identify
 V - a scroll of fear {unknown}
 W - a scroll of random uselessness {unknown}
Potions
 d - 2 potions of brilliance {unknown}
 e - 6 potions of cancellation {unknown}
 f - 5 potions of heal wounds {unknown}
 g - 5 potions of agility
 h - a potion of invisibility {unknown}
 i - 6 potions of curing {unknown}
 j - a potion of ambrosia {unknown}
 k - 2 potions of flight {unknown}
 n - 2 potions of lignification {unknown}
 p - a potion of magic {unknown}
 q - a potion of degeneration {unknown}
 v - 2 potions of haste
 x - 4 potions of resistance {unknown}
 F - 2 potions of mutation {unknown}
Comestibles
 c - 22 rations
 X - 3 chunks of flesh


   Skills:
 + Level 14.0 Fighting
 + Level 13.2 Maces & Flails
 + Level 5.3 Armour
 + Level 9.1 Dodging
 + Level 4.2 Stealth
 + Level 6.5 Shields


You had 12 spell levels left.
You didn't know any spells.
Your spell library was empty.

Dungeon Overview and Level Annotations

Branches:
Dungeon (12/15)            Temple (0/1) D:7            Lair (4/6) D:8
 Spider (0/4) Lair:3          Orc (0/2) D:9
  Swamp: Lair:2-4    Shoals: Lair:2-4

Altars:
Dithmenos
Fedhas
Makhleb
Qazlal
Sif Muna
Wu Jian
Xom
Yredelemnul

Shops:
D:4 %

Annotations:
Lair:1 3 runed doors, Ciumechu's ghost, journeyman DrTm


Innate Abilities, Weirdness & Mutations

You are too large for most types of armour.
You have tough skin. (AC +1)


Message History

You are feeling hungry.
The blink frog hits you!
* * * LOW HITPOINT WARNING * * *
You hit the blink frog.
The blink frog is almost dead.
You feel the effects of Trog's Hand fading.
You feel sick.
The blink frog blinks!
The blink frog closely misses you. The blink frog misses you.
You closely miss the blink frog.
The blink frog blinks!
The blink frog hits you!
* * * LOW HITPOINT WARNING * * *
You sock the blink frog!
The blink frog is moderately wounded.
The blink frog hits you.
* * * LOW HITPOINT WARNING * * *
The blink frog misses you.
You closely miss the blink frog.
The blink frog is moderately wounded.
You feel sick. The blink frog hits you!
You die... .... ..... ..... ##### PP....

##...##
......######.#...###
..........###.....P##
.........†.##.......#
#..........#........#
.#........†.@.....}## ..
##...#.#.#F........#
..####................##
.......#P..............#
.....................###
..........F.........##
....................#
..................###
♣..........#####


You could see 2 blink frogs.

Vanquished Creatures
  Gastronok (D:10)
  A hydra (Lair:1)
  The ghost of Paulus the Cleaver, a novice DsFi of Makhleb (D:10)
  A death yak (D:8)
  Pikel (D:9)
  A lindwurm (Lair:4)
  2 ugly things (D:11)
  2 oklob plants (Lair:3)
  A cyclops (D:10)
  16 elephants
  A torpor snail (D:8)
  6 spiny frogs
  3 komodo dragons
  A rime drake (Lair:3)
  2 jumping spiders (Lair:3)
  4 trolls
  2 polar bears (Lair:4)
  A hornet (Lair:3)
  6 hippogriffs
  6 blink frogs (Lair:4)
  A vampire (D:10)
  2 wraiths (D:10)
  3 wyverns
  20 yaks
  The ghost of Roran the Sneak, an amateur NaTm (D:3)
  3 basilisks
  3 hungry ghosts
  Edmund (D:4)
  2 wargs (D:8)
  7 water moccasins
  3 black bears
  An ice beast (D:6)
  2 porcupines (Lair:4)
  9 orc warriors
  3 sky beasts
  2 necrophages
  2 phantoms (D:8)
  7 ogres
  4 centaurs
  5 wolves (Lair:3)
  4 crocodiles
  A big kobold (D:11)
  An elf zombie (D:10)
  A gnoll sergeant (D:8)
  A wyvern zombie (D:12)
  9 bullfrogs
  A wyvern skeleton (D:11)
  A scorpion (D:7)
  9 howler monkeys
  9 wights
  An electric eel (D:9)
  2 human zombies (D:10)
  8 crimson imps
  2 centaur zombies
  2 quasits
  2 bullfrog zombies
  7 hounds
  7 jellies
  10 orc priests
  14 orc wizards
  2 bullfrog skeletons (D:7)
  A human skeleton (D:10)
  A gnoll shaman (D:7)
  4 iguanas
  8 worker ants
  A hound zombie (D:6)
  5 mummies (D:10)
  A hound skeleton (D:4)
  3 howler monkey skeletons
  8 gnolls
  10 adders
  6 oozes
  An adder skeleton (D:4)
  An adder zombie (D:7)
  2 worms
  7 dart slugs
  4 leopard geckos
  61 orcs
  3 ball pythons
  4 giant cockroaches
  3 goblins
  10 hobgoblins
  12 jackals
  7 quokkas
  5 bats
  7 kobolds
  8 rats
  A plant (Lair:3)
418 creatures vanquished.

Vanquished Creatures (others)
  27 fungi
  4 plants (Lair:4)
31 creatures vanquished.

Grand Total: 449 creatures vanquished

Notes
Turn   | Place    | Note
-------+----------+-------------------------------------------
     0 | D:1      | galech the Ogre Berserker began the quest for the Orb.
     0 | D:1      | Reached XP level 1. HP: 24/24 MP: 1/1
    66 | D:1      | Reached XP level 2. HP: 19/32 MP: 2/2
   341 | D:1      | Reached XP level 3. HP: 30/40 MP: 3/3
   612 | D:2      | Found a deep blue altar of Sif Muna.
   668 | D:2      | Reached ** piety under Trog
   976 | D:2      | Found a burning altar of Makhleb.
   978 | D:2      | Found a basalt altar of Yredelemnul.
  1282 | D:2      | Reached XP level 4. HP: 32/49 MP: 4/4
  1549 | D:2      | Found a shadowy altar of Dithmenos.
  1549 | D:2      | Found a faded altar of an unknown god.
  1554 | D:2      | Found a stormy altar of Qazlal.
  1556 | D:2      | Found a faded altar of an unknown god.
  1558 | D:2      | Found an ornate altar of the Wu Jian Council.
  2149 | D:3      | Found a runed gate.
  2149 | D:3      | Found a runed gate.
  2150 | D:3      | Found a runed gate.
  2153 | D:3      | Noticed Roran's ghost (amateur NaTm)
  2191 | D:3      | Reached skill level 5 in Fighting
  2641 | D:4      | Reached XP level 5. HP: 52/57 MP: 3/5
  2701 | D:4      | Noticed Edmund
  2716 | D:4      | Killed Edmund
  2716 | D:4      | Reached skill level 1 in Stealth
  2716 | D:4      | Reached XP level 6. HP: 40/67 MP: 3/6
  3325 | D:4      | Reached skill level 6 in Fighting
  3325 | D:4      | Reached skill level 5 in Maces & Flails
  3325 | D:4      | Reached XP level 7. HP: 75/75 MP: 5/7
  3342 | D:4      | Found Oxyeshry's Food Boutique.
  3785 | D:3      | Killed Roran's ghost
  3860 | D:5      | Entered Level 5 of the Dungeon
  3986 | D:5      | Reached *** piety under Trog
  4227 | D:5      | Reached XP level 8. HP: 55/84 MP: 5/8
  4288 | D:5      | Reached skill level 1 in Shields
  4304 | D:5      | Reached skill level 7 in Fighting
  5261 | D:6      | Reached skill level 5 in Dodging
  5872 | D:7      | Reached XP level 9. HP: 96/96 MP: 9/9
  5901 | D:7      | Reached skill level 8 in Fighting
  5925 | D:7      | Reached **** piety under Trog
  6000 | D:7      | Found a staircase to the Ecumenical Temple.
  6992 | D:8      | Found a staircase to the Lair.
  7040 | D:8      | Reached XP level 10. HP: 73/106 MP: 10/10
  7777 | D:8      | Reached skill level 9 in Fighting
  8165 | D:9      | Found a staircase to the Orcish Mines.
  8258 | D:9      | Found a blossoming altar of Fedhas.
  8281 | D:9      | Reached skill level 5 in Shields
  8419 | D:9      | Reached ***** piety under Trog
  8484 | D:9      | Reached skill level 1 in Armour
  8680 | D:9      | Found a basalt altar of Yredelemnul.
  8778 | D:9      | Found a shimmering altar of Xom.
  8833 | D:9      | Noticed Pikel
  8846 | D:9      | Killed Pikel
  8903 | D:9      | Reached skill level 10 in Fighting
  9071 | D:10     | Entered Level 10 of the Dungeon
  9206 | D:10     | Reached skill level 10 in Maces & Flails
  9206 | D:10     | Reached XP level 11. HP: 108/116 MP: 8/11
  9328 | D:10     | Noticed a cyclops
  9362 | D:10     | Killed a cyclops
  9714 | D:10     | Noticed Gastronok
  9813 | D:10     | Killed Gastronok
 10015 | D:10     | Reached skill level 11 in Fighting
 10142 | D:10     | Found a basalt altar of Yredelemnul.
 10367 | D:10     | Found a runed door.
 10367 | D:10     | Noticed Paulus's ghost (novice DsFi)
 10388 | D:10     | Killed Paulus's ghost
 10391 | D:10     | Got an ancient great sword
 10399 | D:10     | Identified the cursed +3 great sword "Toentegio" {slice, rPois Int-2 Dex+5 SInv} (You found it on level 10 of the Dungeon)
 10668 | D:10     | You fall through a shaft for 2 floors!
 11053 | D:11     | Noticed a green ugly thing
 11068 | D:11     | Killed a green ugly thing
 11485 | D:11     | Noticed a cyan ugly thing
 11497 | D:11     | Killed a cyan ugly thing
 11497 | D:11     | Reached XP level 12. HP: 129/129 MP: 12/12
 12056 | D:11     | Found a shimmering altar of Xom.
 12436 | Lair:1   | Entered Level 1 of the Lair of Beasts
 12459 | Lair:1   | Noticed Ciumechu's ghost (journeyman DrTm)
 12497 | Lair:1   | Found a runed gate.
 12497 | Lair:1   | Found a runed gate.
 12497 | Lair:1   | Found a runed gate.
 12507 | Lair:1   | Noticed a seven-headed hydra
 12528 | Lair:1   | Noticed a death yak
 12534 | Lair:1   | Killed a seven-headed hydra
 12570 | D:8      | Killed a death yak
 12643 | D:8      | Reached skill level 12 in Fighting
 14550 | Lair:3   | Found a hole to the Spider Nest.
 14732 | Lair:3   | Reached skill level 5 in Armour
 14858 | Lair:2   | Reached XP level 13. HP: 111/140 MP: 7/13
 14944 | Lair:3   | Reached skill level 13 in Fighting
 14955 | Lair:3   | Received a gift from Trog
 16392 | Lair:4   | Reached skill level 14 in Fighting
 16412 | Lair:4   | Slain by a blink frog

Vault maps used:
D:1:      dpeg_arrival_shrine
D:2:      old_standard_altar, grunt_temple_overflow_open,
          chequers_temple_overflow_minitemple, minmay_door_square
D:3:      ebering_ghost_rock_garden
D:4:      serial_shops, nicolae_shop_waterfront, minmay_quantized, uniq_edmund
D:5:      first_ration, kennysheep_flooded_box, item_on_display_a
D:7:      minmay_temple_entry_statues_pillars
D:8:      erik_lair_orcish_takeover, hangedman_little_slice_of_home
D:9:      erik_orc_2, basic_altar, hangedman_feature_mirror, uniq_pikel
D:10:     gammafunk_ghost_grave, lemuel_mausoleum_altar_yredelemnul,
          uniq_gastronok
D:11:     basic_altar, hangedman_decor_points
D:12:     grunt_ministairs_5
Lair:1:   gammafunk_ghost_icy, grunt_megastairs_1
Lair:3:   spider_nest_entry_a, minmay_lair_oklob_chamber
Lair:4:   mu_elephants_graveyard, minmay_swamp_entry_reptiles,
          nicolae_lair_grove_arrangements

Skill      XL: |  1  2  3  4  5  6  7  8  9 10 11 12 13 |
---------------+----------------------------------------+-----
Maces & Flails | 3 4 5 6 7 8 10 11 12 13 | 13.2
Dodging        | 3 4 5 6 7 8 9 |  9.1
Fighting       | 5 6 7 8 10 11 12 14 | 14.0
Stealth        | 1 2 3 4 |  4.2
Shields        | 2 4 5 6 |  6.5
Armour         | 2 3 5 |  5.3

Action                   |  1- 3 |  4- 6 |  7- 9 | 10-12 | 13-15 || total
-------------------------+-------+-------+-------+-------+-------++-------
Melee: Mace              |   117 |    57 |       |       |       ||   174
       Flail             |       |    41 |   392 |   603 |   288 ||  1324
       Whip              |       |       |       |   514 |       ||   514
Invok: Berserk           |       |     3 |     6 |    14 |     4 ||    27
       Trog's Hand       |       |     1 |     2 |    12 |     4 ||    19
  Use: Scroll            |     3 |     2 |     2 |     9 |       ||    16
 Stab: Sleeping          |     1 |       |     2 |     7 |     2 ||    12
       Distracted        |       |       |     2 |       |       ||     2
  Eat: Chunk             |     1 |     9 |    15 |    29 |    10 ||    64
       Ration            |       |       |     1 |     7 |       ||     8
Armor: Animal skin       |    20 |    16 |    54 |    12 |       ||   102
       Troll leather arm |       |       |       |   193 |    73 ||   266
Dodge: Dodged            |    62 |    47 |   148 |   631 |   232 ||  1120
Block: Shield            |       |       |   164 |   243 |       ||   407

Table legend:
 A = Spawn XP
 B = Non-spawn XP
 C = Spawn XP percentage of total XP
 D = Spawn monster count
 E = Non-spawn monster count
 F = Spawn count percentage of total count
 G = Total turns spent on level
                    A         B        C        D         E        F      G
               +---------+---------+-------+---------+---------+-------+---------
         Total |       0 |   46358 |   0.0 |       0 |     417 |   0.0 | 16412
               +---------+---------+-------+---------+---------+-------+---------
           D:1 |       0 |      44 |   0.0 |       0 |      22 |   0.0 |   608
           D:2 |       0 |      63 |   0.0 |       0 |      19 |   0.0 |  1253
           D:3 |       0 |     200 |   0.0 |       0 |       5 |   0.0 |   873
           D:4 |       0 |     616 |   0.0 |       0 |      33 |   0.0 |  1126
           D:5 |       0 |     471 |   0.0 |       0 |      22 |   0.0 |   776
           D:6 |       0 |     952 |   0.0 |       0 |      27 |   0.0 |  1230
           D:7 |       0 |    1382 |   0.0 |       0 |      34 |   0.0 |   725
           D:8 |       0 |    3745 |   0.0 |       0 |      33 |   0.0 |  1620
           D:9 |       0 |    3515 |   0.0 |       0 |      48 |   0.0 |  1165
          D:10 |       0 |    7775 |   0.0 |       0 |      45 |   0.0 |  1946
          D:11 |       0 |    3851 |   0.0 |       0 |      47 |   0.0 |  1345
          D:12 |       0 |      88 |   0.0 |       0 |       1 |   0.0 |    28
        Lair:1 |       0 |    1753 |   0.0 |       0 |       4 |   0.0 |   575
        Lair:2 |       0 |    5811 |   0.0 |       0 |      20 |   0.0 |  1297
        Lair:3 |       0 |    7640 |   0.0 |       0 |      27 |   0.0 |  1138
        Lair:4 |       0 |    8452 |   0.0 |       0 |      30 |   0.0 |   707
               +---------+---------+-------+---------+---------+-------+---------
